cohdb
Replays
Latest Replays
All Replays
Popular Replays
Top Player Replays
Match Explorer
How It Works
Community
CoH3 Stats
Reddit
Sign in to upload your games and track your stats! →
Sign in with Steam
Match 46873377
Unlisted
Match 46873377
Overview
Messages
Build Orders
End
Construct Section Command Post
Infantry Section
Infantry Section
Infantry Section
Infantry Section
Construct Platoon Command Post
Grenade Package
Selects Canadian Shock Battlegroup
Selects Incendiary Munitions
Humber Armored Car
Construct Field Infirmary
Selects Pyrotechnics
Royal Engineer Section
Infantry Training
6-pounder Anti-tank Gun Team
Construct Company Command Post
Matilda II Heavy Tank
crywo1f
BayouBoys spec ops command.
portalplayer
WasaBee
Von Wolfenbüttel
CLIFF
0
0
Comments
sign in to comment!
No comments posted yet!